 Dungeon Crawl Stone Soup version 0.20.1-1-g8b1a95d (webtiles) character file.

708 Zedayar the Ruffian (level 7, 0/66 HPs)
             Began as a Troll Fighter on Sept 7, 2017.
             Was an Initiate of Trog.
             Slain by a slave (6 damage)
             ... led by Pikel
             ... on level 5 of the Dungeon.
             The game lasted 00:06:02 (2867 turns).

Zedayar the Ruffian (Troll Fighter)                 Turns: 2867, Time: 00:06:03

Health: 0/66       AC:  5    Str: 27    XL:     7   Next: 40%
Magic:  6/6        EV:  9    Int:  4    God:    Trog [......]
Gold:   348        SH:  9    Dex: 11    Spells: 6/6 levels left

rFire    . . .     SeeInvis .     - Unarmed
rCold    . . .     Gourm    +   b - +0 shield
rNeg     . . .     Faith    .   a - +0 robe
rPois    .         Spirit   .   (helmet restricted)
rElec    .         Reflect  .   (no cloak)
rCorr    .         Harm     .   (gloves unavailable)
MR       +....                  (boots unavailable)
Stlth    +.........             (no amulet)
Regen    0.7/turn               h - ring of protection from magic
MPRegen  0.1/turn               B - +2 ring of dexterity

@: no status effects
A: unfitting armour, claws 3, fast metabolism 3, gourmand, regeneration 1,
shaggy fur 1, tough skin 2
a: Burn Spellbooks, Renounce Religion


You were on level 5 of the Dungeon.
You worshipped Trog.
Trog was noncommittal.
You were full.

You visited 2 branches of the dungeon, and saw 6 of its levels.

You collected 348 gold pieces.

Inventory:

Armour
 a - a +0 robe (worn)
 b - a +0 shield (worn)
Jewellery
 h - a ring of protection from magic (left claw)
 y - an uncursed ring of fire
 z - an uncursed ring of protection from magic
 B - a +2 ring of dexterity (right claw)
Wands
 s - a wand of clouds (3/9)
 t - a wand of iceblast (7/15)
 w - a wand of random effects (5/48)
Scrolls
 i - 3 scrolls of enchant armour {unknown}
 m - 5 scrolls of identify {unknown}
 o - 2 scrolls of remove curse {unknown}
 r - 2 scrolls of enchant weapon {unknown}
 u - 2 scrolls of teleportation {unknown}
 A - 3 scrolls of amnesia {unknown}
Potions
 c - a potion of might
 e - 2 potions of mutation {unknown}
 f - 2 potions of brilliance {unknown}
 g - 2 potions of resistance {unknown}
 j - a potion of magic {unknown}
 k - 2 potions of agility {unknown}
 l - 4 potions of curing
 p - a potion of ambrosia {unknown}
 x - a potion of haste {unknown}
Comestibles
 d - 3 bread rations
 n - 7 fruits
 q - 2 royal jellies
 v - a meat ration


   Skills:
 + Level 2.9 Fighting
 + Level 3.9 Dodging
 + Level 0.6 Stealth
 + Level 4.1 Shields
 + Level 5.7 Unarmed Combat


You had 6 spell levels left.
You didn't know any spells.

Dungeon Overview and Level Annotations

Branches:
Dungeon (5/15)             Temple (1/1) D:4

Altars:
Cheibriados
Dithmenos
Fedhas
Gozag
Kikubaaqudgha
Makhleb
Nemelex Xobeh
Okawaru
Ru
Sif Muna
Trog
Uskayaw
Xom
Zin
The Shining One

Annotations:
D:5 Pikel


Innate Abilities, Weirdness & Mutations

You are too large for most types of armour.
You have claws for hands.
Your metabolism is lightning-fast.
You like to eat raw meat.
Your natural rate of healing is unusually fast.
You are covered in fur. (AC +1)
You have very tough skin. (AC +2)


Message History

* * * LOW HITPOINT WARNING * * *
You block the slave's attack. You block the slave's attack.
You see here a ring mail.
The slave hits you but does no damage.
You claw the slave!
The slave is moderately wounded.
The slave hits you.
* * * LOW HITPOINT WARNING * * *
Your shield prevents you from hitting the slave.
The slave is moderately wounded.
The slave hits you.
* * * LOW HITPOINT WARNING * * *
You closely miss the slave.
The slave is moderately wounded.
You block the slave's attack.
You closely miss the slave.
The slave is moderately wounded.
The slave hits you.
You die...

.....# ##)## .#####
#...####### .#
#...[.....# .#
#...#####.# .# ##### #.#
.# #.# .# #.# . #.# #@#
#p#
.#####p################
#.......O[pOpp..........
#.#####.####K........##
#.#....$..........
#.#.##.###........ #.#
#.# #.###.### ... #.#
#.# #


You could see an ogre and 2 slaves.

Vanquished Creatures
  A sky beast (D:5)
  A centaur (D:3)
  A scorpion (D:3)
  A howler monkey (D:5)
  A crimson imp (D:5)
  A centaur skeleton (D:5)
  3 orc priests
  3 orc wizards
  A worker ant (D:4)
  4 gnolls (D:3)
  8 adders
  2 worms
  A dart slug (D:4)
  A leopard gecko (D:5)
  9 orcs
  5 bats
  A giant cockroach (D:3)
  10 goblins
  8 hobgoblins
  7 jackals
  5 kobolds
  4 ball pythons
  4 frilled lizards
  6 rats
88 creatures vanquished.

Notes
Turn   | Place    | Note
-------+----------+-------------------------------------------
     0 | D:1      | Zedayar the Troll Fighter began the quest for the Orb.
     0 | D:1      | Reached XP level 1. HP: 22/22 MP: 0/0
    34 | D:1      | Reached XP level 2. HP: 14/29 MP: 1/1
   439 | D:2      | Found an opulent altar of Gozag.
   653 | D:2      | Reached XP level 3. HP: 36/36 MP: 2/2
  1067 | D:3      | Reached XP level 4. HP: 32/44 MP: 3/3
  1091 | D:3      | Noticed a centaur
  1127 | D:3      | Killed a centaur
  1127 | D:3      | Reached skill level 3 in Unarmed Combat
  1127 | D:3      | Reached XP level 5. HP: 12/50 MP: 4/4
  1322 | D:3      | Reached skill level 4 in Unarmed Combat
  1862 | D:3      | Reached XP level 6. HP: 53/59 MP: 5/5
  1895 | D:3      | Found a sacrificial altar of Ru.
  1906 | D:3      | Became a worshipper of Ru the Awakened
  2306 | D:4      | Found a staircase to the Ecumenical Temple.
  2313 | Temple   | Entered the Ecumenical Temple
  2411 | Temple   | Fell from the grace of Ru
  2411 | Temple   | Became a worshipper of Trog the Wrathful
  2464 | D:5      | Entered Level 5 of the Dungeon
  2580 | D:5      | Noticed a sky beast
  2585 | D:5      | Reached skill level 5 in Unarmed Combat
  2591 | D:5      | Killed a sky beast
  2598 | D:5      | Reached XP level 7. HP: 36/66 MP: 6/6
  2841 | D:5      | Noticed Pikel
  2867 | D:5      | Slain by a slave

Skill      XL: |  1  2  3  4  5  6  7 |
---------------+----------------------+-----
Shields        | 3 4 |  4.1
Dodging        | 3 |  3.9
Unarmed Combat | 3 4 5 |  5.7
Fighting       | |  2.9
Stealth        | |  0.6

Action                   |  1- 3 |  4- 6 |  7- 9 || total
-------------------------+-------+-------+-------++-------
Melee: Unarmed           |   128 |   101 |    59 ||   288
  Use: Potion            |       |       |     1 ||     1
 Stab: Sleeping          |       |     1 |     1 ||     2
  Eat: Chunk             |     7 |    11 |     7 ||    25
       Bread ration      |       |     1 |       ||     1
Armor: Robe              |    46 |    23 |    12 ||    81
Dodge: Dodged            |    62 |    41 |    31 ||   134
Block: Shield            |    69 |    49 |    37 ||   155
